[ PARTIDA AOE2 · #481457897 ]
1v1 RMLituanos vs Hindustanis
Equipo del jugador · VICT
Equipo rival · DERR
[ ANÁLISIS DE REPETICIÓN · EXTRAÍDO DE LA PARTIDA GRABADA ]
Feudal
9:28
Castillos
19:44
Imperial
—
| APM promedio | 58.3 |
| APM pico | 101 |
| eAPM promedio | 24.9 |
| Aldeanos / militares | 105 / 61 |
Foco
⚔️ 16.6% · 🌾 83.4%
Knight ×51 · Scout Cavalry ×7 · Monk ×3
Feudal
9:37
Castillos
20:37
Imperial
—
| APM promedio | 48.2 |
| APM pico | 92 |
| eAPM promedio | 23.2 |
| Aldeanos / militares | 84 / 76 |
Foco
⚔️ 24.1% · 🌾 75.9%
Camel Scout ×71 · Monk ×3 · Spearman ×2
Mapa de la partida
Recursos al inicio + cada clic de construcción. Línea gruesa = muro · recuadro discontinuo = muro de casas detectado. 🟡 oro · ⚪ piedra · 🟢 bayas · 🔶 jabalí · ⭕ reliquia
Inputs por minuto
— Lith_KING - - dayike
Build order — Lith_KING
Primeras 150 de 245 acciones detectadas
| 0:00 | Crear | Villager (Male) |
| 0:01 | Crear | Villager (Male) |
| 0:01 | Crear | Villager (Male) |
| 0:02 | Construir | House |
| 0:03 | Construir | House |
| 0:03 | Crear | Villager (Male) |
| 0:22 | Crear | Villager (Male) |
| 0:22 | Crear | Villager (Male) |
| 1:25 | Crear | Villager (Male) |
| 1:46 | Construir | Lumber Camp |
| 2:22 | Crear | Villager (Male) |
| 2:22 | Crear | Villager (Male) |
| 3:29 | Crear | Villager (Male) |
| 3:31 | Construir | House |
| 3:33 | Construir | House |
| 4:01 | Crear | Villager (Male) |
| 4:21 | Crear | Villager (Male) |
| 4:23 | Construir | Mill |
| 4:49 | Crear | Villager (Male) |
| 4:50 | Crear | Villager (Male) |
| 5:35 | Crear | Villager (Male) |
| 5:36 | Crear | Villager (Male) |
| 5:36 | Crear | Villager (Male) |
| 6:23 | Investigar | Loom |
| 7:03 | Construir | Barracks |
| 7:18 | Investigar | Feudal Age |
| 8:08 | Construir | House |
| 8:38 | Construir | House |
| 9:09 | Construir | House |
| 9:13 | Construir | House |
| 9:28 | Edad | Edad Feudal |
| 9:29 | Construir | Stable |
| 9:33 | Investigar | Double-Bit Axe |
| 9:33 | Crear | Villager (Male) |
| 9:37 | Crear | Villager (Male) |
| 9:37 | Crear | Villager (Male) |
| 9:54 | Construir | House |
| 9:59 | Crear | Villager (Male) |
| 10:14 | Crear | Scout Cavalry |
| 10:14 | Crear | Scout Cavalry |
| 10:30 | Construir | Mining Camp |
| 10:32 | Crear | Villager (Male) |
| 10:43 | Crear | Scout Cavalry |
| 10:53 | Construir | Farm |
| 10:59 | Construir | Blacksmith |
| 11:02 | Construir | House |
| 11:24 | Crear | Scout Cavalry |
| 11:30 | Crear | Villager (Male) |
| 11:41 | Construir | Farm |
| 11:42 | Construir | Farm |
| 11:43 | Construir | Farm |
| 12:27 | Crear | Villager (Male) |
| 12:28 | Crear | Villager (Male) |
| 12:29 | Construir | Farm |
| 12:32 | Construir | Farm |
| 12:37 | Construir | Farm |
| 12:51 | Crear | Villager (Male) |
| 12:53 | Construir | Farm |
| 12:58 | Crear | Villager (Male) |
| 13:30 | Crear | Villager (Male) |
| 13:43 | Crear | Scout Cavalry |
| 13:43 | Crear | Scout Cavalry |
| 14:18 | Crear | Villager (Male) |
| 14:21 | Construir | Farm |
| 14:23 | Crear | Villager (Male) |
| 14:27 | Construir | Farm |
| 14:28 | Construir | Farm |
| 14:29 | Construir | Farm |
| 14:30 | Construir | Farm |
| 14:47 | Construir | Lumber Camp |
| 15:01 | Crear | Scout Cavalry |
| 15:17 | Construir | Farm |
| 16:04 | Crear | Villager (Male) |
| 16:19 | Crear | Villager (Male) |
| 16:22 | Construir | Lumber Camp |
| 16:32 | Construir | Farm |
| 16:33 | Construir | Farm |
| 16:34 | Construir | Farm |
| 16:47 | Construir | Farm |
| 16:59 | Construir | Farm |
| 17:04 | Investigar | Castle Age |
| 17:04 | Investigar | Castle Age |
| 17:50 | Investigar | Forging |
| 17:58 | Construir | Stable |
| 18:08 | Investigar | Bloodlines |
| 18:45 | Investigar | Scale Barding Armor |
| 19:28 | Construir | House |
| 19:44 | Edad | Edad de los Castillos |
| 19:55 | Construir | Town Center |
| 19:57 | Crear | Villager (Male) |
| 20:02 | Construir | Monastery |
| 20:22 | Crear | Villager (Male) |
| 20:22 | Crear | Villager (Male) |
| 20:22 | Crear | Villager (Male) |
| 20:24 | Investigar | Bow Saw |
| 20:35 | Crear | Monk |
| 20:35 | Crear | Monk |
| 20:35 | Crear | Monk |
| 20:45 | Investigar | Husbandry |
| 20:55 | Crear | Knight |
| 20:57 | Crear | Villager (Male) |
| 21:05 | Construir | Farm |
| 21:05 | Construir | Farm |
| 21:36 | Crear | Knight |
| 21:40 | Construir | Farm |
| 22:13 | Crear | Villager (Male) |
| 22:13 | Crear | Villager (Male) |
| 22:13 | Crear | Villager (Male) |
| 22:13 | Crear | Villager (Male) |
| 22:13 | Crear | Villager (Male) |
| 22:17 | Construir | Farm |
| 22:18 | Construir | Farm |
| 22:23 | Crear | Knight |
| 22:24 | Crear | Knight |
| 22:42 | Crear | Villager (Male) |
| 22:43 | Crear | Villager (Male) |
| 22:47 | Construir | Farm |
| 23:18 | Crear | Villager (Male) |
| 23:24 | Construir | Farm |
| 23:36 | Construir | Town Center |
| 23:44 | Construir | Lumber Camp |
| 23:45 | Crear | Villager (Male) |
| 23:45 | Crear | Villager (Male) |
| 23:46 | Crear | Villager (Male) |
| 23:54 | Construir | House |
| 24:31 | Crear | Knight |
| 24:31 | Crear | Knight |
| 24:32 | Crear | Knight |
| 24:32 | Crear | Knight |
| 24:32 | Crear | Knight |
| 24:32 | Crear | Knight |
| 24:48 | Crear | Villager (Male) |
| 24:49 | Crear | Villager (Male) |
| 24:49 | Crear | Villager (Male) |
| 24:50 | Crear | Villager (Male) |
| 24:50 | Crear | Villager (Male) |
| 24:51 | Crear | Knight |
| 25:05 | Construir | House |
| 25:31 | Crear | Villager (Male) |
| 25:32 | Construir | Farm |
| 25:37 | Construir | House |
| 25:38 | Construir | House |
| 25:41 | Crear | Villager (Male) |
| 25:56 | Investigar | Chain Barding Armor |
| 26:14 | Crear | Villager (Male) |
| 26:15 | Crear | Villager (Male) |
| 26:19 | Construir | Farm |
| 26:22 | Construir | Farm |
| 26:25 | Construir | Farm |
| 26:28 | Construir | Farm |
Build order — dayike
Primeras 150 de 251 acciones detectadas
| 0:01 | Crear | Villager (Male) |
| 0:01 | Crear | Villager (Male) |
| 0:02 | Construir | House |
| 0:04 | Construir | House |
| 0:50 | Crear | Villager (Male) |
| 0:51 | Crear | Villager (Male) |
| 0:51 | Crear | Villager (Male) |
| 1:36 | Crear | Villager (Male) |
| 1:36 | Crear | Villager (Male) |
| 1:48 | Construir | Lumber Camp |
| 2:01 | Crear | Villager (Male) |
| 2:19 | Construir | House |
| 2:20 | Construir | House |
| 2:45 | Crear | Villager (Male) |
| 3:24 | Crear | Villager (Male) |
| 3:46 | Crear | Villager (Male) |
| 4:06 | Crear | Villager (Male) |
| 4:39 | Crear | Villager (Male) |
| 5:03 | Crear | Villager (Male) |
| 5:30 | Construir | Mill |
| 5:40 | Crear | Villager (Male) |
| 5:40 | Crear | Villager (Male) |
| 6:18 | Crear | Villager (Male) |
| 6:36 | Investigar | Loom |
| 6:37 | Investigar | Loom |
| 7:10 | Construir | House |
| 7:27 | Investigar | Feudal Age |
| 7:27 | Investigar | Feudal Age |
| 8:34 | Construir | Barracks |
| 9:08 | Crear | Villager (Male) |
| 9:37 | Edad | Edad Feudal |
| 9:47 | Investigar | Double-Bit Axe |
| 9:52 | Crear | Villager (Male) |
| 10:21 | Crear | Villager (Male) |
| 10:47 | Construir | Archery Range |
| 10:57 | Crear | Villager (Male) |
| 11:12 | Construir | House |
| 11:15 | Construir | House |
| 11:20 | Investigar | Horse Collar |
| 11:21 | Crear | Villager (Male) |
| 11:34 | Crear | Villager (Male) |
| 11:54 | Construir | Farm |
| 12:17 | Crear | Villager (Male) |
| 12:23 | Construir | House |
| 12:27 | Construir | Farm |
| 12:29 | Construir | Farm |
| 12:35 | Crear | Villager (Male) |
| 12:49 | Construir | Farm |
| 12:52 | Crear | Villager (Male) |
| 12:57 | Construir | Palisade Wall |
| 13:02 | Construir | Farm |
| 13:05 | Construir | House |
| 13:25 | Construir | Farm |
| 13:27 | Crear | Spearman |
| 13:27 | Crear | Spearman |
| 13:45 | Crear | Villager (Male) |
| 13:46 | Crear | Villager (Male) |
| 14:18 | Crear | Villager (Male) |
| 14:23 | Crear | Villager (Male) |
| 14:25 | Construir | Farm |
| 14:40 | Crear | Villager (Male) |
| 14:51 | Construir | Farm |
| 15:04 | Construir | Farm |
| 15:06 | Crear | Villager (Male) |
| 15:39 | Crear | Villager (Male) |
| 15:43 | Construir | Farm |
| 16:05 | Crear | Villager (Male) |
| 16:12 | Construir | Blacksmith |
| 16:23 | Construir | House |
| 16:30 | Construir | Farm |
| 16:41 | Crear | Villager (Male) |
| 16:46 | Construir | Farm |
| 16:50 | Construir | House |
| 16:53 | Construir | House |
| 17:01 | Crear | Villager (Male) |
| 17:33 | Construir | Farm |
| 17:35 | Construir | Farm |
| 17:46 | Construir | Farm |
| 17:57 | Investigar | Castle Age |
| 17:57 | Investigar | Castle Age |
| 18:04 | Construir | Farm |
| 18:25 | Construir | Mining Camp |
| 19:28 | Construir | Stable |
| 19:50 | Investigar | Scale Barding Armor |
| 19:51 | Investigar | Scale Barding Armor |
| 19:53 | Investigar | Forging |
| 19:53 | Investigar | Forging |
| 19:59 | Construir | Stable |
| 20:30 | Crear | Villager (Male) |
| 20:37 | Edad | Edad de los Castillos |
| 20:40 | Investigar | Chain Barding Armor |
| 20:40 | Investigar | Chain Barding Armor |
| 20:42 | Crear | Villager (Male) |
| 20:59 | Investigar | Husbandry |
| 20:59 | Investigar | Husbandry |
| 21:09 | Construir | Town Center |
| 21:26 | Crear | Villager (Male) |
| 21:33 | Investigar | Bow Saw |
| 21:53 | Crear | Villager (Male) |
| 22:12 | Crear | Villager (Male) |
| 22:19 | Investigar | Bloodlines |
| 22:32 | Crear | Villager (Male) |
| 23:07 | Construir | Town Center |
| 23:12 | Crear | Camel Scout |
| 23:13 | Crear | Camel Scout |
| 23:13 | Crear | Camel Scout |
| 23:14 | Crear | Villager (Male) |
| 23:43 | Construir | Farm |
| 23:49 | Crear | Villager (Male) |
| 24:06 | Crear | Villager (Male) |
| 24:20 | Construir | Farm |
| 24:22 | Crear | Villager (Male) |
| 24:22 | Crear | Villager (Male) |
| 24:42 | Construir | Monastery |
| 24:43 | Crear | Villager (Male) |
| 24:43 | Crear | Villager (Male) |
| 24:43 | Crear | Villager (Male) |
| 24:58 | Crear | Villager (Male) |
| 24:58 | Crear | Villager (Male) |
| 25:02 | Construir | House |
| 25:15 | Construir | Farm |
| 25:15 | Construir | Farm |
| 25:24 | Construir | Farm |
| 25:29 | Crear | Monk |
| 25:39 | Crear | Villager (Male) |
| 25:39 | Crear | Villager (Male) |
| 25:41 | Construir | Farm |
| 25:45 | Crear | Villager (Male) |
| 25:48 | Crear | Villager (Male) |
| 26:06 | Construir | Farm |
| 26:09 | Crear | Villager (Male) |
| 26:18 | Construir | Farm |
| 26:22 | Crear | Villager (Male) |
| 26:22 | Crear | Villager (Male) |
| 26:22 | Crear | Villager (Male) |
| 26:23 | Crear | Villager (Male) |
| 26:32 | Crear | Villager (Male) |
| 26:32 | Crear | Villager (Male) |
| 26:45 | Crear | Villager (Male) |
| 27:01 | Construir | Farm |
| 27:05 | Crear | Villager (Male) |
| 27:16 | Investigar | Wheelbarrow |
| 27:16 | Investigar | Town Watch |
| 27:33 | Crear | Camel Scout |
| 27:33 | Crear | Camel Scout |
| 27:34 | Crear | Camel Scout |
| 27:34 | Crear | Camel Scout |
| 27:34 | Crear | Camel Scout |
| 27:34 | Crear | Camel Scout |
| 27:34 | Crear | Camel Scout |
Cronología de la partida
| 7:03 | Lith_KING · first_building Barracks |
| 8:34 | dayike · first_building Barracks |
| 9:28 | Lith_KING · age_up feudal |
| 9:29 | Lith_KING · first_building Stable |
| 9:37 | dayike · age_up feudal |
| 10:47 | dayike · first_building Archery Range |
| 12:57 | dayike · wall_segment Palisade Wall x1 |
| 19:28 | dayike · first_building Stable |
| 19:44 | Lith_KING · age_up castle |
| 20:02 | Lith_KING · first_building Monastery |
| 20:37 | dayike · age_up castle |
| 24:42 | dayike · first_building Monastery |
| 30:07 | Lith_KING · first_building Castle |
| 30:46 | Lith_KING · wall_segment Stone Wall x1 |
| 31:03 | dayike · first_market_sell 100 wood |
| 32:18 | dayike · first_building Castle |
| 36:50 | dayike · resign |
[ ANÁLISIS IA · 1 CRÉDITO ]
¿Qué pasó realmente en esta partida?
Wolo.gg analiza cada decisión: build order, eco, micro, errores típicos por bracket. Análisis personalizado por WhatsApp o Discord en 30 segundos.
Guía civ
Lituanos
Guía mapa
Gold Rush
Perfil
Lith_KING